Map: 2000 Atmospheres LE

Players

Trap - Winner!

  • Race: Protoss Protoss

DPGherO (herO)

  • Race: Protoss Protoss
  • League: Grandmaster

Event: ASUS ROG Fall 2021

VOD

Have the link to the VOD?

Description

Time

  • Played on: Sept. 17, 2021, 6:21 a.m.
  • Length: 7:36

All games in this series

Show
View Real Time Build Order
Export as new Build Order

Trap Protoss - Winner!

Build Orders: Phoenix Opening, Blink Stalkers 

Get SALT Encoding   

  12  0:00  Probe  
  13  0:12  Probe  
  14  0:17  Pylon  
  14  0:24  Probe (Chrono Boost)  
  15  0:36  Gateway, Probe (Chrono Boost)  
  16  0:45  Probe (Chrono Boost)  
  16  0:47  Assimilator  
  17  0:50  Probe  
  17  0:56  Assimilator  
  18  1:03  Probe (Chrono Boost)  
  19  1:07  Gateway  
  19  1:13  Probe (Chrono Boost)  
  19  1:17  Probe (Chrono Boost)  
  20  1:23  Cybernetics Core  
  21  1:29  Probe  
  22  1:33  Pylon  
  22  1:41  Probe  
  23  1:53  Probe  
  24  1:59  Stalker x2  
  24  2:00  Warp Gate  
  28  2:08  Pylon  
  28  2:16  Pylon  
  28  2:21  Shield Battery  
  28  2:31  Stalker  
  28  2:34  Stalker  
  32  2:41  Probe  
  33  2:54  Probe  
  34  3:01  Sentry  
  34  3:04  Sentry  
  38  3:08  Nexus  
  38  3:11  Probe  
  39  3:18  Pylon  
  39  3:26  Twilight Council  
  39  3:36  Probe (Chrono Boost)  
  39  3:39  Phoenix  
  40  3:42  Shield Battery  
  40  3:46  Probe (Chrono Boost)  
  40  3:48  Stalker  
  43  3:49  Sentry  
  43  3:51  Probe (Chrono Boost)  
  46  3:59  Blink (Chrono Boost)  
  45  4:07  Probe  
  46  4:19  Probe  
  46  4:20  Probe  
  48  4:25  Stalker x2  
  48  4:31  Probe  
  53  4:32  Probe  
  53  4:36  Pylon  
  54  4:43  Probe  
  54  4:45  Gateway, Probe  
  56  4:52  Gateway  
  54  4:58  Probe  
  54  4:59  Probe  
  54  5:01  Adept x2  
  58  5:07  Pylon  
  58  5:10  Probe  
  58  5:11  Probe  
  60  5:26  Robotics Facility, Stalker x2  
  64  5:28  Assimilator  
  64  5:33  Probe x2  
  64  5:47  Probe x2  
  64  5:50  Nexus  
  64  5:52  Stalker  
  64  5:53  Stalker  
  68  6:02  Stalker x2  
  68  6:04  Pylon  
  68  6:07  Forge  
  68  6:16  Stalker x2  
  72  6:25  Warp Prism (Chrono Boost)  
  72  6:31  Stalker  
  72  6:32  Stalker  
  78  6:35  Pylon  
  78  6:38  Probe x2  
  80  6:49  Stalker x2  
  84  6:55  Observer  
  77  7:17  Probe x2  
  77  7:18  Probe  
Show
View Real Time Build Order
Export as new Build Order

DPGherO Protoss 

Build Orders: Blink Stalkers 

Get SALT Encoding   

  12  0:00  Probe  
  13  0:12  Probe  
  14  0:17  Pylon  
  14  0:24  Probe  
  15  0:37  Gateway, Probe (Chrono Boost)  
  16  0:45  Assimilator  
  16  0:48  Probe (Chrono Boost)  
  17  0:53  Probe (Chrono Boost)  
  18  1:03  Probe  
  19  1:10  Assimilator  
  19  1:15  Probe  
  20  1:21  Pylon  
  20  1:24  Cybernetics Core  
  20  1:25  Zealot  
  22  1:27  Probe  
  23  1:39  Probe  
  24  1:51  Probe  
  25  1:58  Stalker (Chrono Boost)  
  25  2:00  Warp Gate  
  27  2:04  Probe  
  28  2:09  Pylon  
  28  2:20  Stalker  
  30  2:26  Pylon  
  30  2:29  Twilight Council  
  29  2:50  Stalker  
  31  2:57  Blink (Chrono Boost)  
  31  2:58  Gateway  
  31  2:59  Gateway  
  31  3:15  Shield Battery  
  31  3:20  Stalker  
  33  3:32  Nexus  
  33  3:38  Pylon  
  33  3:56  Probe  
  32  4:05  Stalker x2  
  32  4:08  Stalker, Probe  
  39  4:17  Pylon  
  39  4:24  Robotics Facility  
  39  4:35  Probe  
  39  4:36  Sentry x2  
  44  4:45  Forge  
  44  4:51  Probe (Chrono Boost)  
  46  4:56  Probe (Chrono Boost)  
  44  5:02  Probe (Chrono Boost)  
  44  5:05  Probe (Chrono Boost)  
  44  5:07  Probe (Chrono Boost)  
  46  5:09  Stalker  
  46  5:10  Stalker  
  46  5:13  Protoss Ground Weapons Level 1 (Chrono Boost), Observer  
  52  5:15  Probe  
  52  5:17  Probe  
  54  5:28  Probe  
  55  5:30  Probe  
  52  5:47  Probe x2  
  50  5:50  Stalker x3  
  55  6:02  Probe x2  
  54  6:10  Warp Prism (Chrono Boost)  
  54  6:12  Gateway  
  54  6:13  Gateway  
  54  6:17  Probe x2  
  58  6:20  Assimilator  
  58  6:31  Stalker x2  
  62  6:33  Pylon  
  62  6:35  Pylon  
  62  6:49  Pylon  
  62  6:51  Probe x2  
  50  7:03  Probe x2  
  50  7:05  Stalker x3  
  50  7:10  Stalker x2  
Tags
 
Add a new tag
Caveats
  • Supply blocks, unpowered buildings, or Contaminate may cause inaccurate times.
  • Supply counts are checked every 10 seconds.